 Dungeon Crawl Stone Soup version 0.31-a0-986-g5e6e4ef867 (webtiles) character file.

Game seed: 781946412099631455

41 sammy202020 the Changeling (level 3, 0/40 HPs)
             Began as a Merfolk Shapeshifter on Nov 9, 2023.
             Slain by a goblin
             ... wielding a +0 dagger
             ... led by Robin
              (3 damage)
             ... on level 2 of the Dungeon.
             The game lasted 00:01:18 (1452 turns).

sammy202020 the Changeling (Merfolk Shapeshifter)   Turns: 1452, Time: 00:01:19

Health: 0/40       AC: 21    Str: 14    XL:     3   Next: 52%
Magic:  3/3        EV:  2    Int: 11    God:
Gold:   135        SH:  0    Dex: 13    Spells: 2/2 levels left

rFire   . .          .
                       - Unarmed
rCold   . . .        (no shield)
rNeg    . . .        a - melded +0 animal skin
rPois   +            (helmet currently unavailable)
rElec   .            (cloak currently unavailable)
rCorr   .            (gloves currently unavailable)
SInv    .            (boots currently unavailable)
Will    .....        (no amulet)
Stlth   +            (no ring)
HPRegen 0.26/turn    (no ring)
MPRegen 0.08/turn

%: no passive effects
@: tree-form
A: stationary, stasis, torment immunity, boosted hp, (nimble swimmer 2),
(mertail)
a: no special abilities


You were on level 2 of the Dungeon.
You were a tree.
You visited 1 branch of the dungeon, and saw 2 of its levels.

You collected 135 gold pieces.

Inventory:

Armour
 a - a +0 animal skin (melded)
Jewellery
 f - a +6 ring of strength
 k - a ring of wizardry
Talismans
 c - a beast talisman
 d - a flux talisman
Scrolls
 h - a scroll of revelation {unknown}
 i - a scroll of identify
 j - a scroll of teleportation {unknown}
 l - a scroll of butterflies {unknown}
Potions
 e - 4 potions of curing
 g - a potion of might


   Skills:
 * Level 2.1 Fighting
 + Level 0.5 Armour
 + Level 3.0 Dodging
 * Level 3.7 Unarmed Combat
 * Level 4.4 Shapeshifting


You had 2 spell levels left.
You didn't know any spells.
Your spell library contained the following spells:

 Spells                   Type           Power      Damage    Failure   Level
 Ensorcelled Hibernation  Hex/Ice        0%         N/A       47%         2
 Passwall                 Tmut/Erth      0%         N/A       47%         2
 Hailstorm                Conj/Ice       0%         3d3       71%         3
 Swiftness                Air            0%         N/A       71%         3
 Summon Ice Beast         Ice/Summ       0%         N/A       98%         4
 Simulacrum               Ice/Necr       0%         N/A       100%        6


Dungeon Overview and Level Annotations

Branches:
Dungeon (2/15)

Altars:

Annotations:
D:2 Robin


Innate Abilities, Weirdness & Mutations

You are a tree.
Your roots penetrate the ground, keeping you stationary.
You cannot be teleported.
You are immune to unholy pain and torment.
Your maximum health is greatly increased.
Your equipment is partially melded.
((You are very nimble when in or above water. (Stealth+, EV+, Speed+++)))
((Your lower body shifts to a powerful aquatic tail in water.))


Message History

You are too injured to fight recklessly!
You are too injured to fight recklessly!
You are too injured to fight recklessly!
You are too injured to fight recklessly!
You are too injured to fight recklessly!
You are too injured to fight recklessly!
You are too injured to fight recklessly!
You are too injured to fight recklessly!
You are too injured to fight recklessly!
You are too injured to fight recklessly!
You are too injured to fight recklessly!
You are too injured to fight recklessly!
There are monsters nearby!
You barely miss Robin.
Robin is moderately wounded.
The goblin hits you but does no damage. Robin closely misses you.
You hit Robin.
Robin is heavily wounded.
The goblin closely misses you. The goblin hits you with a +0 club.
* * * LOW HITPOINT WARNING * * *
The goblin hits you with a +0 dagger.
* * * LOW HITPOINT WARNING * * *
You barely miss Robin.
Robin is heavily wounded.
The goblin hits you with a +0 club.
* * * LOW HITPOINT WARNING * * *
Robin closely misses you. The goblin misses you.
The goblin hits you with a +0 dagger.
* * * LOW HITPOINT WARNING * * *
You feel better. The goblin hits you with a +0 club.
* * * LOW HITPOINT WARNING * * *
The goblin misses you. The goblin hits you with a +0 dagger.
* * * LOW HITPOINT WARNING * * *
Robin throws the goblin at you!
Your transformation has ended.
You turn into a tree.
Your +0 animal skin melds into your body.
Your roots penetrate the ground.
The goblin hits you but does no damage. The goblin hits you with a +0 dagger.
You die...

## #.# #. # # #.♣
... .#. #.# ..#
##.# #.## #.##.⌠
##.8.#
#.##.###g#g#
#..#?..)♣#
#...###gg......
#...# ######.##
#.### .. #.# .#
#.# .# #.# .#
##.####.## .#
.........######.#


You could see Robin and 3 goblins.

Vanquished Creatures
  A gnoll (D:1)
  A worm (D:2)
  A dart slug (D:1)
  4 endoplasms
  8 goblins
  3 hobgoblins
  2 kobolds (D:2)
  A quokka (D:1)
  2 ball pythons (D:1)
23 creatures vanquished.

Notes
Turn   | Place    | Note
-------+----------+-------------------------------------------
     0 | D:1      | sammy202020 the Merfolk Shapeshifter began the quest for
                  | the Orb.
     0 | D:1      | Reached XP level 1. HP: 15/15 MP: 1/1
    70 | D:1      | Reached XP level 2. HP: 7/21 MP: 2/2
   937 | D:1      | Reached XP level 3. HP: 25/27 MP: 3/3
  1433 | D:2      | Noticed Robin
  1452 | D:2      | Slain by a goblin

Illustrated notes

Levels and vault maps discovered:
D:1:      matt_arrival_los_fun, layout_basic, minmay_small_reverse_x
D:2:      layout_loops_ring, shapermc_ecumenical_altar_mp_highgroup,
          grunt_decor_mini_mirrors, hex_medium, uniq_natasha, uniq_robin

Skill      XL: |  1  2  3 |
---------------+----------+-----
Dodging        | 3 |  3.0
Fighting       | 2 |  2.1
Armour         | |  0.5
Unarmed Combat | |  3.7
Shapeshifting  | |  4.4

Action                     || total
---------------------------++-------
  Melee: Unarmed           ||    64
         Punch             ||     2
    Use: Scroll            ||     3
         Potion            ||     2
 Armour: Animal skin       ||    41
         Skin              ||     2
  Dodge: Dodged            ||    36

Table legend: (Time is in decaauts)
 A = Elapsed time spent in this place.
 B = Non-inter-level travel time spent in this place.
 C = Inter-level travel time spent in this place.
 D = Time resting spent in this place.
 E = Time spent auto-exploring this place.
 F = Levels seen in this place.
 G = Mean time per level.
                   A        B        C        D        E       F      G
               +--------+--------+--------+--------+--------+-----+--------+
         Total |   1447 |   1447 |      0 |    536 |    711 |   2 |  723.5 |
       Dungeon |   1447 |   1447 |      0 |    536 |    711 |   2 |  723.5 |
               +--------+--------+--------+--------+--------+-----+--------+

Top non-repeatable levels by time:
     D:1: 1187 daAuts
     D:2: 260 daAuts
